 Dungeon Crawl Stone Soup version 0.30-a0-1053-gbd8d5ba0ad (webtiles) character file.

Game seed: 11533706092451256093

2 voltaire321 the Firebug (level 1, 0/14 HPs)
             Began as a Hill Orc Fire Elementalist on Apr 12, 2023.
             Slain by a kobold
             ... wielding a +0 whip
              (5 damage)
             ... on level 1 of the Dungeon.
             The game lasted 00:00:47 (42 turns).

voltaire321 the Firebug (Hill Orc Fire Elementalist)  Turns: 42, Time: 00:00:47

Health: 0/14       AC:  2    Str: 10    XL:     1   Next: 40%
Magic:  0/3        EV: 12    Int: 15    God:
Gold:   0          SH:  0    Dex: 11    Spells: 2/3 levels left

rFire   . . .      SeeInvis .    (no weapon)
rCold   . . .      Faith    .    (no shield)
rNeg    . . .      Spirit   .    a - +0 robe
rPois   .          Reflect  .    (no helmet)
rElec   .          Rampage  .    (no cloak)
rCorr   .                        (no gloves)
Will    .....                    (no boots)
Stlth   ++                       (no amulet)
HPRegen 0.22/turn                (no ring)
MPRegen 0.08/turn                (no ring)

@: no status effects
A: no striking features
a: no special abilities


You were on level 1 of the Dungeon.
You visited 1 branch of the dungeon, and saw 1 of its levels.

Inventory:

Armour
 a - a +0 robe (worn)
Scrolls
 c - a scroll of butterflies {unknown}
 d - a scroll of fog {unknown}
Potions
 b - a potion of magic


   Skills:
 + Level 0.2 Fighting
 + Level 0.1 Armour
 + Level 1.6 Dodging
 - Level 1.5 Stealth
 + Level 1.6 Spellcasting
 + Level 1.0 Conjurations
 + Level 3.3 Fire Magic


You had 2 spell levels left.
You knew the following spells:

 Your Spells              Type           Power      Damage    Failure   Level
a - Foxfire               Conj/Fire      28%        2x1d5     10%         1

Your spell library contained the following spells:

 Spells                   Type           Power      Damage    Failure   Level
 Scorch                   Fire           22%        2d6       9%          2
 Inner Flame              Hex/Fire       6%         N/A       34%         3
 Volatile Blastmotes      Fire/Tloc      12%        2d11      34%         3
 Flame Wave               Conj/Fire      7%         2d5       67%         4


Dungeon Overview and Level Annotations

Branches:
Dungeon (1/15)

Altars:


Message History

Casting: Foxfire (safe; 10% risk of failure)
Press: ? - help, Q - select action Dir - look around, f - activate You conjure some foxfire!
The quokka closely misses you.
The kobold hits the bush but does no damage.
You barely miss the quokka.
The quokka is lightly wounded.
The foxfire hits the quokka but does no damage.
The quokka is lightly wounded.
The foxfire hits the quokka.
The quokka is heavily wounded.
The quokka closely misses you.
The kobold hits the bush but does no damage.
You don't have enough magic to cast this spell.
Unknown command.
You hit the quokka but do no damage.
The quokka is heavily wounded.
The quokka bites you. The quokka barely misses you.
The quokka attacks as you move away! The quokka barely misses you.
The quokka attacks as you move away! The quokka barely misses you.
The quokka barely misses you.
Casting: Foxfire (safe; 10% risk of failure)
Press: ? - help, Q - select action Dir - look around, f - activate
Okay, then.
The quokka closely misses you. The quokka attacks as you move away!
The quokka misses you.
Casting: Foxfire (safe; 10% risk of failure)
Press: ? - help, Q - select action Dir - look around, f - activate You conjure some foxfire!
The quokka barely misses you.
The foxfire hits the quokka.
The quokka is almost dead.
The foxfire hits the quokka.
You kill the quokka!
You hit the kobold but do no damage. The kobold hits you with a +0 whip.
The kobold attacks as you move away! The kobold hits you with a +0 whip.
* * * LOW HITPOINT WARNING * * *
The kobold completely misses you. The kobold attacks as you move away!
The kobold hits you with a +0 whip.
You die...

### #####>#
#<....# #####.#
##'## .
#####...# ##..
#...@.#.# ....
#.###Kg.# ##..#
##.####PPP
###.####.# #..♣
.........###..♣♣
.#######...g..PP
######P.♣ ....#
#..##


You could see a goblin and a kobold.

Vanquished Creatures
  An endoplasm (D:1)
  A quokka (D:1)
2 creatures vanquished.

Vanquished Creatures (others)
  7 foxfires (D:1)
7 creatures vanquished.

Grand Total: 9 creatures vanquished

Notes
Turn   | Place    | Note
-------+----------+-------------------------------------------
     0 | D:1      | voltaire321 the Hill Orc Fire Elementalist began the quest
                  | for the Orb.
     0 | D:1      | Reached XP level 1. HP: 14/14 MP: 3/3
    42 | D:1      | Slain by a kobold

Illustrated notes

Levels and vault maps discovered:
D:1:      amcnicky_arrival_choice, layout_loops_ring, serial_forest,
          infiniplex_forest_zigzag_1, infiniplex_forest_clump_small,
          infiniplex_forest_pool, infiniplex_forest_end_1,
          infiniplex_forest_lined_room_3, infiniplex_forest_clump_small,
          infiniplex_forest_clump_curved, infiniplex_forest_join,
          infiniplex_forest_lined_3, infiniplex_forest_end_3,
          shapermc_ecumenical_altar_mp_highgroup

Action                     || total
---------------------------++-------
  Melee: Unarmed           ||     5
   Cast: Foxfire           ||     4
  Dodge: Dodged            ||    12

Table legend: (Time is in decaauts)
 A = Elapsed time spent in this place.
 B = Non-inter-level travel time spent in this place.
 C = Inter-level travel time spent in this place.
 D = Time resting spent in this place.
 E = Time spent auto-exploring this place.
 F = Levels seen in this place.
 G = Mean time per level.
                   A        B        C        D        E       F      G
               +--------+--------+--------+--------+--------+-----+--------+
         Total |     42 |     42 |      0 |      0 |     16 |   1 |   42.0 |
       Dungeon |     42 |     42 |      0 |      0 |     16 |   1 |   42.0 |
               +--------+--------+--------+--------+--------+-----+--------+

Top non-repeatable levels by time:
     D:1: 42 daAuts
